 Dungeon Crawl Stone Soup version 0.16-a0-3029-g57b17b4 (webtiles) character file.

150963 Fiveotanaka the Bludgeoner (level 18, -3/143 HPs)
             Began as a Human Fighter on Dec 8, 2014.
             Was a High Priest of Okawaru.
             Slain by a greater naga
             ... wielding a +0 halberd
              (6 damage)
             ... on level 3 of the Snake Pit.
             The game lasted 03:26:29 (42934 turns).

Fiveotanaka the Bludgeoner (Human Fighter)         Turns: 42934, Time: 03:26:29

Health: -3/143     AC: 28    Str: 23    XL:     18   Next: 17%
Magic:  0/21       EV: 14    Int: 12    God:    Okawaru [*****.]
Gold:   2675       SH:  0    Dex: 16    Spells: 0 memorised, 17 levels left

rFire  + . .     SeeInvis +     g - +2 great mace (venom)
rCold  . . .     Clarity  .     f - +0 plate armour of Inaction {rPois MR+ Stlth++} (curse)
rNeg   . . .     SustAb   .     (no shield)
rPois  +         Gourm    .     W - +1 hat {SInv}
rElec  .         Spirit   +     N - +2 cloak {MR+}
rCorr  .         Warding  .     a - +2 pair of gloves {Str+3}
rMut   .         Rnd*Tele +     G - +0 pair of boots
MR     +++..                    k - amulet of guardian spirit
Stlth  ..........               S - ring of protection from fire
                                V - +3 ring of protection

@: constricted, extremely resistant to hostile enchantments, extremely
unstealthy
A: horns 1, clever 1, low mp 2, teleportitis 1, wild magic 1, MP-powered wands 1
a: Heroism, Finesse, Renounce Religion


You were on level 3 of the Snake Pit.
You worshipped Okawaru.
Okawaru was extremely pleased with you.
You were not hungry.

You visited 4 branches of the dungeon, and saw 29 of its levels.
You visited 1 bazaar.
You also visited: Labyrinth, Bailey, Ice Cave and Volcano.

You collected 4061 gold pieces.
You spent 1386 gold pieces at shops.

Inventory:

Hand weapons
 g - a +2 great mace of venom (weapon)
Missiles
 j - 2 throwing nets (quivered)
 q - 1010 stones
Armour
 a - a +2 pair of gloves of strength (worn)
 f - the cursed +0 plate armour of Inaction (worn) {rPois MR+ Stlth++}
   (You bought it in a shop in a bazaar)

   It protects you from poison.
   It affects your resistance to hostile enchantments.
   It makes you much more stealthy.
   It has a curse placed upon it.
 G - a +0 pair of boots (worn)
 K - the +2 plate armour of Distant Worlds {rF+ Int+1 Dex+3}
   (You found it in a bailey)

   It affects your intelligence (+1).
   It affects your dexterity (+3).
   It protects you from fire.
 N - a +2 cloak of magic resistance (worn)
 W - a +1 hat of see invisible (worn)
Jewellery
 i - an uncursed ring of flight
 k - an amulet of guardian spirit (around neck)
 p - the amulet "Xyaf" {Clar -Tele rF+}
   (You found it in an ice cave)

   [amulet of clarity]

   It provides mental clarity.
   It protects you from fire.
   It prevents most forms of teleportation.
 z - an uncursed ring of invisibility
 S - a ring of protection from fire (right hand)
 V - a +3 ring of protection (left hand)
 Y - the ring of Skofyt {rC+ Stlth++}
   (You found it in an ice cave)

   [ring of protection from cold]

   It protects you from cold.
   It makes you much more stealthy.
Magical devices
 c - a wand of heal wounds (4)
 h - a wand of disintegration (10)
 r - a wand of digging (3)
 w - a wand of teleportation (7)
 I - a wand of cold (10)
 Q - a wand of magic darts (23)
 U - a wand of confusion (21)
Scrolls
 b - a scroll of amnesia
 n - 11 scrolls of remove curse
 o - 2 scrolls of identify
 s - 5 scrolls of fog
 v - 5 scrolls of teleportation
 y - 2 scrolls of fear
 C - 5 scrolls of recharging
 D - 4 scrolls of enchant armour
 O - 2 scrolls of blinking
 P - a scroll of enchant weapon
 Z - a scroll of magic mapping
Potions
 e - 5 potions of might
 l - 4 potions of haste
 t - 5 potions of curing
 u - 3 potions of agility
 x - a potion of invisibility
 A - 4 potions of restore abilities
 E - a potion of cure mutation
 F - 4 potions of magic
 H - 10 potions of brilliance
 M - 3 potions of flight
 R - 2 potions of resistance
 T - 3 potions of cancellation
 X - a potion of berserk rage
Comestibles
 d - 17 bread rations
 m - 11 fruits
 B - 3 beef jerkies
 J - 13 meat rations
 L - 14 poisonous chunks of flesh


   Skills:
 - Level 13.0 Fighting
 - Level 20.0 Maces & Flails
 - Level 12.0 Armour
 + Level 13.2 Dodging
   Level 5.4 Shields
 - Level 6.0 Invocations


You had 17 spell levels left.
You didn't know any spells.

Dungeon Overview and Level Annotations

Branches:
Dungeon (14/15)            Temple (0/1) D:6            Lair (8/8) D:8
 Shoals (0/5) Lair:4        Snake (3/5) Lair:3        Slime (0/6) Lair:6
    Orc (4/4) D:11            Elf (0/3) Orc:3
 Vaults: D:13-14

Altars:
Dithmenos
Fedhas
Gozag
Kikubaaqudgha
Nemelex Xobeh
Okawaru
Sif Muna
Vehumet
Zin
Beogh

Shops:
D:13 [   Orc:3 %   Orc:4 *[[}   Snake:2 %

Annotations:
D:10 runed door
D:13 exclusion: obsidian statue
D:14 Sonja
Lair:8 runed door


Innate Abilities, Weirdness & Mutations

You have a pair of small horns on your head.
Your mind is acute. (Int +2)
Your magical capacity is very low (-20% MP).
Space occasionally distorts in your vicinity.
Your spells are a little harder to cast, but a little more powerful.
You expend magic power (6 MP) to slightly strengthen your wands.


Message History

* * * LOW HITPOINT WARNING * * *
The greater naga constricts you.
You closely miss the greater naga. You headbutt the greater naga!
The greater naga is lightly wounded.
You thump the greater naga!
The greater naga is moderately wounded.
You sock the greater naga!
The greater naga is moderately wounded.
The greater naga hits you with a halberd!
* * * LOW HITPOINT WARNING * * *
x2 The greater naga constricts you.
You barely miss the greater naga.
You headbutt the greater naga, but do no damage.
The greater naga is moderately wounded.
You sock the greater naga!
The greater naga is heavily wounded.
The greater naga casts a spell at you. The orb of energy hits you!
* * * LOW HITPOINT WARNING * * *
You die...

. ###..#. ..# ... #.... ..#
#........ ##.... ..##..........
#####..... ...#...........
##......... ...#..........#
####.......... ...#.........#
####............. ...#........#
###.....##....)....
^..##...)..####.@N.####..........
...##..))###....#### #..........
...######(((.#### ##.........
...###..(.###.....# ##........
.......#### ....## ##.......
....#### ...## ##...... ..###
...# ##..... ### ..## ##.... #
.## ####.


You could see a greater naga.

Vanquished Creatures
  Asterion (Snake:1)
  Rupert (Lair:4)
  A frost giant (D:10)
  Louise (Snake:1)
  Gastronok (D:13)
  A minotaur (Lab)
  A white draconian (IceCv)
  An ettin (D:11)
  8 hydras
  3 anacondas
  3 naga warriors
  2 ogre magi (Orc:4)
  3 centaur warriors
  An ice dragon (Lair:8)
  Erica (Lair:4)
  14 death yaks
  2 shock serpents
  4 naga sharpshooters
  Nergalle (Lair:2)
  2 deep trolls (Orc:4)
  Erolcha (D:8)
  An unseen horror (D:14)
  2 ice statues
  8 hill giants
  2 lindwurms (Lair:8)
  An orc knight (Bailey)
  3 naga ritualists
  8 mana vipers
  The ghost of FishServ the Frost Mage, an experienced DEIE of Makhleb (D:8)
  A wolf spider zombie (D:14)
  An oklob plant (Lair:5)
  An orc sorcerer (Orc:2)
  4 cyclopes
  3 salamanders
  A phantasmal warrior (D:11)
  A guardian serpent (Snake:2)
  9 naga magi
  4 griffons
  A manticore (D:12)
  Maurice (D:10)
  21 black mambas
  A toenail golem (Volcano)
  Joseph (Orc:1)
  2 sirens (Lair:4)
  7 torpor snails
  14 spiny frogs
  19 elephants
  Psyche (Orc:1)
  5 gargoyles
  8 komodo dragons
  3 fire drakes
  13 trolls
  20 polar bears
  2 efreet
  7 two-headed ogres
  2 merfolk (Lair:4)
  2 giant leeches (Lair:8)
  7 basilisks
  A two-headed ogre (shapeshifter) (D:11)
  2 ravens
  2 boulder beetles (Lair:8)
  2 deep elf magi
  16 blink frogs
  A spriggan (D:10)
  3 wyverns
  122 yaks
  6 trapdoor spiders (Lab)
  A shadow (Lab)
  A vampire (D:13)
  Eustachio (Orc:1)
  10 hippogriffs
  A wraith (D:12)
  4 hungry ghosts
  14 wargs
  A steam dragon (Lair:7)
  A deep elf fighter (D:8)
  34 wolves
  A vampire mosquito (D:10)
  16 nagas
  31 water moccasins
  7 hell hounds
  13 porcupines
  15 orc warriors
  12 black bears
  25 ogres
  13 ice beasts
  A sky beast (D:9)
  4 phantoms
  3 yellow wasps (Lair:8)
  An eye of draining (D:8)
  15 crocodiles
  18 centaurs
  A boring beetle (Lair:6)
  5 brain worms (Lair:8)
  3 big kobolds
  13 giant frogs
  A water moccasin zombie (D:10)
  4 scorpions
  A wyvern skeleton (D:9)
  9 wights
  14 killer bees
  2 quasits
  2 goliath beetles
  4 electric eels
  3 centaur zombies
  22 jellies
  12 iguanas
  6 crimson imps
  2 giant frog zombies
  2 centaur skeletons
  22 orc priests
  28 orc wizards
  28 hounds
  2 giant frog skeletons
  8 worker ants
  4 hell rats (Lair:8)
  A killer bee zombie (D:10)
  30 sheep
  Jessica (D:9)
  3 gnolls (D:4)
  28 adders
  120 river rats
  3 shadow imps
  A giant mite (D:2)
  20 worms
  An adder skeleton (D:8)
  7 giant geckos
  An ooze (Lair:6)
  163 orcs
  A ball python (D:6)
  34 bats
  2 bat skeletons
  A bat zombie (D:7)
  7 giant cockroaches
  31 goblins
  22 hobgoblins
  13 jackals
  27 kobolds
  15 quokkas
  A ball python skeleton (D:5)
  3 giant newts
  A jackal skeleton (D:4)
  A quokka zombie (D:7)
  22 rats
  2 ballistomycetes (D:7)
  A plant (Lair:8)
1400 creatures vanquished.

Vanquished Creatures (others)
  An ogre (D:12)
  A giant frog (D:12)
  A river rat (Lair:6)
  An orc (D:7)
  2 giant spores
  21 fungi
  7 plants
34 creatures vanquished.

Grand Total: 1434 creatures vanquished

Notes
Turn   | Place    | Note
--------------------------------------------------------------
     0 | D:1      | Fiveotanaka, the Human Fighter, began the quest for the Orb.
     0 | D:1      | Reached XP level 1. HP: 18/18 MP: 1/1
   223 | D:1      | Reached XP level 2. HP: 22/24 MP: 2/2
   711 | D:1      | Reached XP level 3. HP: 27/29 MP: 3/3
  1232 | D:2      | Reached skill level 4 in Maces & Flails
  1232 | D:2      | Reached XP level 4. HP: 35/35 MP: 4/4
  1643 | D:2      | Found a blossoming altar of Fedhas.
  1649 | D:2      | Found an iron altar of Okawaru.
  1650 | D:2      | Found a shadowy altar of Dithmenos.
  1661 | D:2      | Became a worshipper of Warmaster Okawaru
  2329 | D:3      | Reached XP level 5. HP: 38/41 MP: 5/5
  2410 | D:3      | Reached skill level 5 in Maces & Flails
  2996 | D:4      | Noticed a phantom
  3087 | D:4      | Killed a phantom
  3087 | D:4      | Reached skill level 6 in Maces & Flails
  3087 | D:4      | Reached XP level 6. HP: 41/47 MP: 6/6
  3188 | D:4      | Got an ancient dagger
  3189 | D:4      | Identified the +8 dagger of Ruasocre {holy, +Inv} (You found it on level 4 of the Dungeon)
  3682 | D:4      | Acquired Okawaru's first power
  3682 | D:4      | Reached skill level 7 in Maces & Flails
  3682 | D:4      | Reached XP level 7. HP: 36/52 MP: 4/7
  3848 | D:5      | Entered Level 5 of the Dungeon
  4410 | D:5      | Reached skill level 8 in Maces & Flails
  4696 | D:6      | Reached XP level 8. HP: 46/58 MP: 8/8
  4800 | D:6      | Found a staircase to the Ecumenical Temple.
  4969 | D:6      | Reached skill level 9 in Maces & Flails
  5254 | D:6      | Found a glowing silver altar of Zin.
  5254 | D:6      | Found an opulent altar of Gozag.
  5775 | D:7      | Reached skill level 10 in Maces & Flails
  6007 | D:7      | Reached XP level 9. HP: 59/63 MP: 9/9
  6405 | D:7      | Reached skill level 11 in Maces & Flails
  7507 | D:8      | Noticed FishServ's ghost (experienced DEIE)
  7533 | D:8      | Killed FishServ's ghost
  7533 | D:8      | Reached skill level 12 in Maces & Flails
  7890 | D:8      | Noticed Erolcha
  8128 | D:8      | Reached XP level 10. HP: 67/70 MP: 8/10
  8335 | D:8      | Found a staircase to the Lair.
  8348 | D:8      | Reached skill level 13 in Maces & Flails
  8357 | Lair:1   | Entered Level 1 of the Lair of Beasts
  8992 | Lair:1   | Noticed a spiny frog
  9009 | Lair:1   | Killed a spiny frog
  9168 | Lair:1   | Noticed a spiny frog
  9204 | Lair:1   | Killed a spiny frog
  9204 | Lair:1   | Reached skill level 14 in Maces & Flails
  9587 | Lair:1   | Noticed a spiny frog
  9602 | Lair:1   | Killed a spiny frog
 10319 | Lair:1   | Noticed a spiny frog
 10329 | Lair:1   | Killed a spiny frog
 10329 | Lair:1   | Reached XP level 11. HP: 43/77 MP: 5/11
 10616 | Lair:1   | Reached skill level 5 in Dodging
 10895 | Lair:1   | Reached skill level 5 in Armour
 11728 | D:8      | Found a sparkling altar of Nemelex Xobeh.
 12180 | D:8      | Killed Erolcha
 12180 | D:8      | Acquired Okawaru's second power
 12180 | D:8      | Reached skill level 5 in Shields
 12432 | D:9      | Noticed Jessica
 12445 | D:9      | Killed Jessica
 12448 | D:9      | Found a deep blue altar of Sif Muna.
 12491 | D:9      | Noticed a hill giant
 12663 | Lair:2   | Reached skill level 1 in Invocations
 13497 | Lair:2   | Noticed Nergalle
 13597 | Lair:2   | Killed Nergalle
 13602 | Lair:2   | Reached skill level 5 in Invocations
 14113 | Lair:2   | Reached XP level 12. HP: 61/83 MP: 21/21
 14206 | Lair:2   | Noticed a four-headed hydra
 14225 | Lair:2   | Killed a four-headed hydra
 15896 | Lair:3   | Found an ancient bone altar of Kikubaaqudgha.
 16359 | Lair:3   | Noticed a seven-headed hydra
 16379 | Lair:3   | Killed a seven-headed hydra
 16612 | Lair:3   | Found a staircase to the Snake Pit.
 17091 | Lair:4   | Found a frozen archway.
 17125 | Lair:4   | Reached XP level 13. HP: 78/88 MP: 21/23
 17144 | Lair:4   | Reached skill level 10 in Dodging
 17174 | IceCv    | Entered an ice cave
 17293 | IceCv    | Reached skill level 5 in Fighting
 17455 | IceCv    | Received a gift from Okawaru
 17817 | IceCv    | Reached skill level 15 in Maces & Flails
 17858 | IceCv    | Received a gift from Okawaru
 17954 | IceCv    | Noticed a white draconian
 17989 | IceCv    | Killed a white draconian
 18029 | IceCv    | Got a vibrating jade amulet
 18031 | IceCv    | Identified the amulet "Xyaf" {Clar -Tele rF+} (You found it in an ice cave)
 18038 | IceCv    | Got a glittering steel ring
 18040 | IceCv    | Identified the ring of Skofyt {rC+ Stlth++} (You found it in an ice cave)
 18256 | Lair:4   | Noticed Erica
 18268 | Lair:4   | Killed Erica
 18268 | Lair:4   | Reached skill level 16 in Maces & Flails
 18512 | Lair:4   | You fall through a shaft for 3 floors!
 18586 | Lair:7   | Reached XP level 14. HP: 86/103 MP: 18/24
 18899 | Lair:7   | Found a dark tunnel.
 18905 | Volcano  | Entered a volcano
 19744 | Lair:7   | Reached skill level 17 in Maces & Flails
 20153 | Lair:6   | Found a staircase to the Slime Pits.
 20391 | Lair:6   | Received a gift from Okawaru
 21479 | Lair:5   | Received a gift from Okawaru
 21740 | Lair:5   | Reached skill level 18 in Maces & Flails
 22990 | Lair:4   | Found a staircase to the Shoals.
 23193 | Lair:4   | Noticed Rupert
 23214 | Lair:4   | Killed Rupert
 23214 | Lair:4   | Reached XP level 15. HP: 84/108 MP: 18/25
 23961 | Lair:5   | Reached skill level 19 in Maces & Flails
 24530 | Lair:8   | Entered Level 8 of the Lair of Beasts
 24835 | Lair:8   | Found a labyrinth entrance.
 24848 | Lab      | Entered a labyrinth
 27081 | Lair:7   | Reached skill level 20 in Maces & Flails
 27363 | Lair:8   | Identified a +4 rod of inaccuracy (14/14) (You found it in a labyrinth)
 27621 | Lair:8   | Received a gift from Okawaru
 27818 | Lair:8   | Found a runed door.
 28427 | Lair:8   | Reached XP level 16. HP: 106/115 MP: 23/25
 28450 | Lair:8   | Lost intelligence.
 28527 | Lair:8   | Reached skill level 10 in Armour
 29681 | D:9      | Received a gift from Okawaru
 30230 | D:9      | Killed a hill giant
 30392 | D:10     | Entered Level 10 of the Dungeon
 30691 | D:10     | Noticed Maurice
 30712 | D:10     | Killed Maurice
 30878 | D:10     | Gained mutation: Your spells are a little harder to cast, but a little more powerful. [potion of mutation]
 30878 | D:10     | Gained mutation: Your magical capacity is low (-10% MP). [potion of mutation]
 30878 | D:10     | Gained mutation: You have a pair of small horns on your head. [potion of mutation]
 31108 | D:10     | Found a runed door.
 31736 | D:11     | Found a staircase to the Orcish Mines.
 31865 | D:11     | Noticed Sonja
 31888 | D:11     | Reached skill level 10 in Fighting
 32390 | Orc:1    | Entered Level 1 of the Orcish Mines
 32390 | Orc:1    | Noticed Joseph
 32392 | Orc:1    | Noticed Psyche
 32403 | Orc:1    | Killed Joseph
 32432 | Orc:1    | Noticed Eustachio
 32445 | Orc:1    | Killed Psyche
 32463 | Orc:1    | Killed Eustachio
 32513 | Orc:1    | Found a flagged portal.
 32552 | Bailey   | Entered a bailey
 32890 | Bailey   | Got an ichor-stained plate armour
 32901 | Bailey   | Identified the +2 plate armour of Distant Worlds {rF+ Int+1 Dex+3} (You found it in a bailey)
 33358 | Orc:2    | Paralysed by an orc sorcerer for 6 turns
 33723 | Orc:2    | Found a roughly hewn altar of Beogh.
 34182 | Orc:3    | Found Oklidel's Food Boutique.
 34312 | Orc:4    | Entered Level 4 of the Orcish Mines
 34987 | Orc:4    | Found Clueguer's Antique Armour Shop.
 34988 | Orc:4    | Found Wiviutib's Gadget Shop.
 34993 | Orc:4    | Found Purch's Assorted Antiques.
 35109 | Orc:4    | Reached XP level 17. HP: 113/128 MP: 23/23
 35128 | Orc:4    | Paralysed by an ogre mage for 3 turns
 35144 | Orc:4    | Found Quruc's Antique Armour Boutique.
 35148 | Orc:4    | Bought a scroll labeled ZEESIOZXESEWK for 30 gold pieces
 35148 | Orc:4    | Bought a scroll of identify for 60 gold pieces
 35540 | Orc:3    | Found a staircase to the Elven Halls.
 36485 | D:12     | Found a flickering gateway to a bazaar.
 36497 | Bazaar   | Entered a bazaar
 36497 | Bazaar   | Found Twaigh's Book Shoppe.
 36497 | Bazaar   | Found Cijimi Gronk's Antique Weapon Boutique.
 36497 | Bazaar   | Found Ymeazic's Assorted Antiques.
 36498 | Bazaar   | Found Ocasutum's Gadget Shop.
 36499 | Bazaar   | Found Haynuin's Gadget Emporium.
 36538 | Bazaar   | Bought a scroll of identify for 54 gold pieces
 36538 | Bazaar   | Bought a scroll of identify for 54 gold pieces
 36538 | Bazaar   | Bought a smoking plate armour for 756 gold pieces
 36538 | Bazaar   | Identified the cursed +0 plate armour of Inaction {rPois MR+ Stlth++} (You bought it in a shop in a bazaar)
 36543 | Bazaar   | Bought a wand of heal wounds (4) for 432 gold pieces
 37092 | D:13     | Found Boedwi Jul's Antique Armour Shop.
 37201 | D:13     | Noticed Gastronok
 37221 | D:13     | Killed Gastronok
 37321 | D:13     | Gained mutation: Your magical capacity is very low (-20% MP). [potion of mutation]
 37321 | D:13     | Gained mutation: Your mind is acute. (Int +2) [potion of mutation]
 37321 | D:13     | Gained mutation: You expend magic power (6 MP) to slightly strengthen your wands. [potion of mutation]
 38774 | Snake:1  | Entered Level 1 of the Snake Pit
 38774 | Snake:1  | Noticed Asterion
 38793 | Snake:1  | Killed Asterion
 38816 | Snake:1  | Found a radiant altar of Vehumet.
 38844 | Snake:1  | Received a gift from Okawaru
 40153 | Snake:1  | Noticed Louise
 40165 | Snake:1  | Killed Louise
 40776 | Snake:2  | Found Groc's Food Emporium.
 40852 | Snake:2  | Gained mutation: Space occasionally distorts in your vicinity. [mutagenic meat]
 41509 | Snake:3  | Reached XP level 18. HP: 79/143 MP: 14/21
 42934 | Snake:3  | HP: 3/143 [greater naga/orb of energy (31)]
 42934 | Snake:3  | Slain by a greater naga

Action                   |  1- 3 |  4- 6 |  7- 9 | 10-12 | 13-15 | 16-18 || total
-------------------------+-------+-------+-------+-------+-------+-------++-------
Melee: Flail             |   133 |   190 |   472 |  1468 |   189 |       ||  2452
       Dagger            |       |    51 |    38 |       |       |       ||    89
       Great mace        |       |       |       |       |  1217 |  1853 ||  3070
Throw: Stone             |       |       |     4 |       |       |       ||     4
       Throwing net      |       |       |     2 |       |       |       ||     2
Invok: Heroism           |       |       |       |    19 |    14 |     5 ||    38
       Finesse           |       |       |       |     2 |     5 |     3 ||    10
Evoke: Wand              |       |       |       |       |    11 |     3 ||    14
  Use: Scroll            |       |     4 |     3 |     9 |    21 |    15 ||    52
       Potion            |       |       |     3 |     6 |     4 |     4 ||    17
 Stab: Sleeping          |       |       |       |     1 |       |       ||     1
  Eat: Chunk             |     1 |     8 |    15 |    23 |    29 |    44 ||   120
       Royal jelly       |       |       |       |     1 |       |     3 ||     4
       Beef jerky        |       |       |       |     2 |     1 |       ||     3
       Fruit             |       |       |       |     3 |     2 |       ||     5
       Pizza             |       |       |       |     1 |       |     1 ||     2
       Bread ration      |       |       |       |       |     2 |       ||     2
